Map: Terrasses de Prion

Players

malign

  • Race: Zerg Zerg
  • League: Master

XiaoWangZi - Winner!

  • Race: Terran Terran
  • League: Master

VOD

Have the link to the VOD?

Description

Time

  • Played on: April 11, 2016, 7:36 p.m.
  • Length: 8:42
Show
View Real Time Build Order
Export as new Build Order

malign Zerg 

Build Orders: Hatch First 

Get SALT Encoding   

  12  0:00  Drone  
  13  0:09  Drone  
  14  0:17  Overlord  
  14  0:24  Drone, Extractor  
  15  0:36  Drone x2  
  17  0:52  Hatchery  
  17  0:55  Drone  
  17  1:00  Extractor  
  16  1:10  Spawning Pool  
  15  1:12  Drone  
  15  1:16  Drone  
  17  1:22  Drone  
  18  1:27  Drone  
  19  1:40  Drone  
  20  1:55  Extractor  
  20  1:56  Zergling x2  
  21  2:03  Queen  
  21  2:04  Metabolic Boost  
  21  2:06  Overlord  
  23  2:09  Drone  
  24  2:19  Drone x2  
  26  2:35  Drone x2  
  27  2:38  Extractor  
  27  2:40  Queen  
  27  2:42  Spine Crawler  
  27  2:50  Drone  
  28  2:51  Overlord  
  28  3:08  Hatchery  
  27  3:19  Drone x2  
  29  3:24  Roach Warren  
  27  3:35  Zergling x6  
  27  3:40  Zergling x2  
  29  3:45  Zergling x2  
  30  3:50  Baneling Nest  
  22  4:00  Queen  
  18  4:05  Zergling x2  
  17  4:16  Zergling x2  
  17  4:17  Zergling x2  
  15  5:13  Zergling x6  
  16  5:19  Spine Crawler  
  14  5:27  Zergling x2  
  12  5:36  Zergling x2  
  12  5:38  Spore Crawler  
  12  5:44  Spore Crawler  
  12  5:47  Drone  
  12  5:56  Drone  
  10  6:26  Drone x2  
  9  6:33  Drone  
  11  6:42  Zergling x2  
  12  6:52  Zergling x2  
  13  7:02  Zergling x2  
  13  7:04  Spine Crawler  
Show
View Real Time Build Order
Export as new Build Order

XiaoWangZi Terran - Winner!

Build Orders:  

Get SALT Encoding   

  12  0:01  SCV  
  13  0:13  SCV  
  14  0:18  Supply Depot  
  14  0:26  SCV  
  15  0:39  SCV  
  16  1:20  Barracks x3  
  16  1:23  Barracks  
  16  1:25  SCV  
  17  1:37  SCV  
  18  1:49  SCV  
  18  1:50  Supply Depot  
  19  2:07  Marine  
  19  2:08  Marine  
  22  2:09  Marine, Bunker  
  23  2:15  Refinery  
  23  2:17  Orbital Command  
  23  2:20  Marine  
  23  2:30  Supply Depot  
  23  2:31  Marine  
  23  2:36  Marine  
  25  2:42  SCV  
  25  2:43  Marine  
  27  2:48  Marine  
  28  2:56  Marine  
  28  2:58  Marine  
  29  3:01  SCV  
  29  3:04  Marine  
  32  3:06  Marine  
  33  3:14  Marine  
  32  3:20  SCV  
  32  3:22  Factory  
  33  3:29  Marine x2  
  35  3:41  Marine, Bunker  
  35  3:47  Marine  
  36  3:58  Marine x2  
  35  4:05  SCV, Marine  
  34  4:14  Starport  
  34  4:16  Marine x2  
  33  4:22  SCV  
  33  4:23  Marine  
  34  4:24  Widow Mine  
  36  4:34  Marine x2  
  38  4:42  Supply Depot  
  30  4:57  SCV  
  30  4:58  Factory Tech Lab  
  28  5:05  Command Center  
  28  5:07  Marine x2  
  28  5:09  SCV  
  31  5:17  Marine  
  32  5:21  SCV  
  32  5:26  Banshee  
  36  5:30  Factory Tech Lab  
  36  5:33  SCV  
  37  5:39  Marine  
  37  5:40  Marine x2  
  40  5:49  SCV  
  41  5:54  Refinery  
  41  6:06  Siege Tank  
  44  6:16  SCV  
  45  6:31  SCV  
  45  6:32  Marine  
  47  6:38  Marine x2  
  49  6:44  SCV  
  50  6:51  Siege Tank  
  53  6:56  SCV  
  53  6:59  Marine x2  
  56  7:02  Marine  
  56  7:08  SCV  
  57  7:17  Marine x2  
  57  7:19  Marine  
  57  7:20  SCV  
  61  7:25  Siege Tank  
  54  7:41  Orbital Command  
  54  7:46  SCV  
  55  7:52  Marine x3  
  58  7:58  SCV  
  59  8:08  Barracks Reactor  
  59  8:09  Marine  
  59  8:10  Marine x2  
  61  8:13  SCV  
  62  8:27  SCV  
Tags
 
Add a new tag
Caveats
  • Supply blocks, unpowered buildings, or Contaminate may cause inaccurate times.
  • Supply counts are checked every 10 seconds.